% Time on Ice - LOS ANGELES SEALS
Lines # - Real PCT - Wanted PCT - Time Play
Normal Forward
1 - 37% - 36% - 19:28
2 - 32% - 31% - 16:48
3 - 21% - 23% - 11:21
4 - 10% - 10% - 5:19
Normal Defense
1 - 36% - 36% - 18:58
2 - 33% - 31% - 17:36
3 - 22% - 23% - 11:47
4 - 9% - 10% - 4:35
PP Forward
1 - 50% - 55% - 1:33
2 - 50% - 45% - 1:33
PP Defense
1 - 42% - 55% - 1:18
2 - 58% - 45% - 1:48
PK Forward
1 - 54% - 55% - 2:09
2 - 46% - 45% - 1:49
PK Defense
1 - 56% - 55% - 2:13
2 - 44% - 45% - 1:45
PK3 Forward
1 - 0% - 55%
2 - 0% - 45%
PK3 Defense
1 - 0% - 55%
2 - 0% - 45%
44 Forward
1 - 0% - 55%
2 - 0% - 45%
44 Defense
1 - 0% - 55%
2 - 0% - 45%
Last Minute Offensive  - 0:00
Last Minute Defensive  - 0:00
Total
Forward - 60:00
Defense - 60:00
% Time on Ice - VANCOUVER VOODOO
Lines # - Real PCT - Wanted PCT - Time Play
Normal Forward
1 - 34% - 33% - 17:57
2 - 33% - 32% - 17:36
3 - 25% - 26% - 13:20
4 - 8% - 9% - 4:03
Normal Defense
1 - 36% - 36% - 18:51
2 - 35% - 35% - 18:34
3 - 29% - 29% - 15:31
4 - 0% - 0% - 0:00
PP Forward
1 - 56% - 53% - 2:14
2 - 44% - 47% - 1:44
PP Defense
1 - 52% - 53% - 2:04
2 - 48% - 47% - 1:54
PK Forward
1 - 69% - 53% - 2:09
2 - 31% - 47% - 0:57
PK Defense
1 - 45% - 53% - 1:23
2 - 55% - 47% - 1:43
PK3 Forward
1 - 0% - 55%
2 - 0% - 45%
PK3 Defense
1 - 0% - 52%
2 - 0% - 48%
44 Forward
1 - 0% - 51%
2 - 0% - 49%
44 Defense
1 - 0% - 52%
2 - 0% - 48%
Last Minute Offensive  - 0:00
Last Minute Defensive  - 0:00
Total
Forward - 60:00
Defense - 60:00
Play-by-Play 1st period 0:01 of 1st period - Nicolas Roy wins face-off versus Claude Giroux in neutral zone. 0:23 of 1st period - Shot by Claude Giroux. 0:23 of 1st period - Goal by Claude Giroux - LOS ANGELES SEALS : 1 - VANCOUVER VOODOO : 0. 0:24 of 1st period - Christian Dvorak wins face-off versus David Krejci in neutral zone. 0:42 of 1st period - Icing by Dylan Strome. 0:43 of 1st period - David Krejci wins face-off versus Rafael Harvey-Pinard in LOS ANGELES SEALS zone. 0:43 of 1st period - David Krejci is hit by Josh Bailey. 0:56 of 1st period - Matthew Boldy is hit by Logan Stanley and loses puck. 1:03 of 1st period - Shot by Matthew Boldy. 1:03 of 1st period - Deflect By Dylan Strome. 1:03 of 1st period - Shot Misses the Net. 1:20 of 1st period - Off-side. 1:21 of 1st period - Mikael Backlund wins face-off versus Cole Sillinger in neutral zone. 1:28 of 1st period - Shot by Noah Cates. 1:28 of 1st period - Shot Misses the Net. 3:26 of 1st period - Conor Garland is hit by Ben Chiarot and loses puck. 3:31 of 1st period - Shot by Josh Anderson. 3:31 of 1st period - Stopped by Carter Hart with a rebound. 3:42 of 1st period - Minor Penalty to Rafael Harvey-Pinard for High sticking. 3:43 of 1st period - Tom Wilson wins face-off versus Jonathan Audy-Marchessault in VANCOUVER VOODOO zone. 4:45 of 1st period - Shot by Nikita Kucherov. 4:45 of 1st period - Stopped by Filip Gustavsson without a rebound. 4:46 of 1st period - Christian Dvorak wins face-off versus Claude Giroux in VANCOUVER VOODOO zone. 5:07 of 1st period - Shot by Claude Giroux. 5:07 of 1st period - Stopped by Filip Gustavsson without a rebound. 5:08 of 1st period - David Krejci wins face-off versus Radek Faksa in VANCOUVER VOODOO zone. 5:16 of 1st period - Icing by David Krejci. 5:17 of 1st period - David Krejci wins face-off versus Radek Faksa in LOS ANGELES SEALS zone. 5:22 of 1st period - Shot by David Krejci. 5:22 of 1st period - Stopped by Filip Gustavsson without a rebound. 5:23 of 1st period - Claude Giroux wins face-off versus Radek Faksa in VANCOUVER VOODOO zone. 5:38 of 1st period - Shot by Nikita Kucherov. 5:38 of 1st period - Shot Misses the Net. 6:10 of 1st period - Shot by Christian Dvorak. 6:10 of 1st period - Shot Misses the Net. 6:39 of 1st period - Icing by Logan Stanley. 6:40 of 1st period - Christian Dvorak wins face-off versus Claude Giroux in VANCOUVER VOODOO zone. 6:54 of 1st period - Icing by Drew Doughty. 6:55 of 1st period - Claude Giroux wins face-off versus Radek Faksa in LOS ANGELES SEALS zone. 7:04 of 1st period - Icing by Rafael Harvey-Pinard. 7:05 of 1st period - David Krejci wins face-off versus Rafael Harvey-Pinard in VANCOUVER VOODOO zone. 7:22 of 1st period - Shot by Matthew Boldy. 7:22 of 1st period - Stopped by Filip Gustavsson without a rebound. 7:23 of 1st period - Nicolas Roy wins face-off versus Claude Giroux in VANCOUVER VOODOO zone. 7:30 of 1st period - Shot by Nicolas Roy. 7:30 of 1st period - Stopped by Carter Hart without a rebound. 7:31 of 1st period - David Krejci wins face-off versus Nicolas Roy in LOS ANGELES SEALS zone. 7:56 of 1st period - Shot by Conor Garland. 7:56 of 1st period - Shot Misses the Net. 8:14 of 1st period - Shot by Dylan Strome. 8:14 of 1st period - Goal by Dylan Strome - LOS ANGELES SEALS : 2 - VANCOUVER VOODOO : 0. 8:15 of 1st period - Claude Giroux wins face-off versus Josh Bailey in neutral zone. 8:38 of 1st period - Nikita Kucherov is hit by Jordan Harris and loses puck. 8:53 of 1st period - Shot by Claude Giroux. 8:53 of 1st period - Shot Misses the Net. 9:51 of 1st period - Shot by Tom Wilson. 9:51 of 1st period - Stopped by Carter Hart without a rebound. 9:52 of 1st period - Nicolas Roy wins face-off versus David Krejci in LOS ANGELES SEALS zone. 10:07 of 1st period - Shot by Conor Garland. 10:07 of 1st period - Shot Blocked by Alex Goligoski. 10:27 of 1st period - Shot by Dylan Strome. 10:27 of 1st period - Shot Misses the Net. 10:29 of 1st period - Shot by David Krejci. 10:29 of 1st period - Deflect By Dylan Strome. 10:29 of 1st period - Shot Misses the Net. 10:31 of 1st period - Shot by Matthew Boldy. 10:31 of 1st period - Stopped by Filip Gustavsson without a rebound. 10:32 of 1st period - Tom Wilson wins face-off versus Claude Giroux in VANCOUVER VOODOO zone. 10:32 of 1st period - Tom Wilson is hit by Claude Giroux. 11:07 of 1st period - Shot by Tom Wilson. 11:07 of 1st period - Stopped by Carter Hart without a rebound. 11:08 of 1st period - Radek Faksa wins face-off versus Mason McTavish in LOS ANGELES SEALS zone. 11:18 of 1st period - Shot by Josh Bailey. 11:18 of 1st period - Stopped by Carter Hart with a rebound. 11:34 of 1st period - Shot by Rafael Harvey-Pinard. 11:34 of 1st period - Shot Misses the Net. 11:39 of 1st period - Rafael Harvey-Pinard is hit by Drew Doughty. 12:12 of 1st period - Off-side. 12:13 of 1st period - Christian Dvorak wins face-off versus Claude Giroux in neutral zone. 12:16 of 1st period - Jonathan Audy-Marchessault is hit by Tom Wilson and loses puck. 12:41 of 1st period - Shot by Christian Dvorak. 12:41 of 1st period - Stopped by Carter Hart with a rebound. 13:31 of 1st period - Shot by David Krejci. 13:31 of 1st period - Stopped by Filip Gustavsson with a rebound. 13:33 of 1st period - Shot by Noah Dobson. 13:33 of 1st period - Deflect By Dylan Strome. 13:33 of 1st period - Stopped by Filip Gustavsson without a rebound. 13:34 of 1st period - Josh Bailey wins face-off versus Mikael Backlund in VANCOUVER VOODOO zone. 14:40 of 1st period - Minor Penalty to Ben Chiarot for Hooking. 14:41 of 1st period - Nicolas Roy wins face-off versus Mikael Backlund in LOS ANGELES SEALS zone. 14:44 of 1st period - Shot by Josh Anderson. 14:44 of 1st period - Shot Blocked by Gustav Forsling. 14:46 of 1st period - Shot by Sebastien Aho. 14:46 of 1st period - Stopped by Carter Hart without a rebound. 14:47 of 1st period - Nicolas Roy wins face-off versus Nick Bonino in LOS ANGELES SEALS zone. 14:54 of 1st period - Shot by Josh Anderson. 14:54 of 1st period - Stopped by Carter Hart without a rebound. 14:55 of 1st period - Nicolas Roy wins face-off versus Mikael Backlund in LOS ANGELES SEALS zone. 15:52 of 1st period - Shot by Rafael Harvey-Pinard. 15:52 of 1st period - Stopped by Carter Hart without a rebound. 15:53 of 1st period - Jake Evans wins face-off versus Jonathan Drouin in LOS ANGELES SEALS zone. 16:27 of 1st period - Shot by Conor Garland. 16:27 of 1st period - Shot Misses the Net. 16:53 of 1st period - Shot by Cole Sillinger. 16:53 of 1st period - Shot Misses the Net. 16:55 of 1st period - Shot by Braden Schneider. 16:55 of 1st period - Shot Misses the Net. 17:15 of 1st period - Calen Addison is hit by Matthew Boldy and loses puck. 17:45 of 1st period - Shot by Nikita Kucherov. 17:45 of 1st period - Stopped by Filip Gustavsson with a rebound. 17:49 of 1st period - Shot by Claude Giroux. 17:49 of 1st period - Stopped by Filip Gustavsson with a rebound. 17:51 of 1st period - Shot by Claude Giroux. 17:51 of 1st period - Stopped by Filip Gustavsson without a rebound. 17:52 of 1st period - Mikael Backlund wins face-off versus Josh Anderson in VANCOUVER VOODOO zone. 18:02 of 1st period - Icing by Nicolas Hague. 18:03 of 1st period - Claude Giroux wins face-off versus Nicolas Roy in VANCOUVER VOODOO zone. 18:07 of 1st period - Icing by Nicolas Hague. 18:08 of 1st period - Nicolas Roy wins face-off versus Nikita Kucherov in VANCOUVER VOODOO zone. 18:19 of 1st period - Shot by Conor Garland. 18:19 of 1st period - Shot Misses the Net. 19:14 of 1st period - Shot by Dylan Strome. 19:14 of 1st period - Shot Misses the Net. 19:16 of 1st period - Shot by Gustav Forsling. 19:16 of 1st period - Stopped by Filip Gustavsson with a rebound. 19:18 of 1st period - Shot by Drew Doughty. 19:18 of 1st period - Stopped by Filip Gustavsson without a rebound. 19:19 of 1st period - Mikael Backlund wins face-off versus Radek Faksa in VANCOUVER VOODOO zone. 19:43 of 1st period - Shot by Radek Faksa. 19:43 of 1st period - Stopped by Carter Hart with a rebound. 19:53 of 1st period - Shot by Rafael Harvey-Pinard. 19:53 of 1st period - Shot Misses the Net. Goals for this period are 2 for LOS ANGELES SEALS vs 0 for VANCOUVER VOODOO. Shots for this period are 14 for LOS ANGELES SEALS vs 10 for VANCOUVER VOODOO. 2nd period 0:01 of 2nd period - Nicolas Roy wins face-off versus Claude Giroux in neutral zone. 0:40 of 2nd period - Shot by Jonathan Audy-Marchessault. 0:40 of 2nd period - Shot Blocked by Josh Anderson. 0:42 of 2nd period - Shot by Claude Giroux. 0:42 of 2nd period - Shot Misses the Net. 0:44 of 2nd period - Shot by Jonathan Audy-Marchessault. 0:44 of 2nd period - Goal by Jonathan Audy-Marchessault - LOS ANGELES SEALS : 3 - VANCOUVER VOODOO : 0. 0:45 of 2nd period - David Krejci wins face-off versus Christian Dvorak in neutral zone. 1:08 of 2nd period - Shot by Jonathan Drouin. 1:08 of 2nd period - Shot Blocked by David Krejci. 2:01 of 2nd period - Shot by Owen Tippett. 2:01 of 2nd period - Shot Misses the Net. 2:03 of 2nd period - Shot by Mikael Backlund. 2:03 of 2nd period - Deflect By Owen Tippett. 2:03 of 2nd period - Shot Misses the Net. 4:17 of 2nd period - Shot by Dylan Strome. 4:17 of 2nd period - Stopped by Filip Gustavsson without a rebound. 4:18 of 2nd period - Cole Sillinger wins face-off versus Mason McTavish in VANCOUVER VOODOO zone. 4:29 of 2nd period - Brendan Gallagher is hit by Nick Bonino and loses puck. 6:19 of 2nd period - Shot by Rafael Harvey-Pinard. 6:19 of 2nd period - Stopped by Carter Hart without a rebound. 6:20 of 2nd period - Nicolas Roy wins face-off versus Mikael Backlund in LOS ANGELES SEALS zone. 6:41 of 2nd period - Shot by Conor Garland. 6:41 of 2nd period - Stopped by Carter Hart without a rebound. 6:42 of 2nd period - Claude Giroux wins face-off versus Radek Faksa in LOS ANGELES SEALS zone. 7:09 of 2nd period - Radek Faksa is hit by Nikita Kucherov and loses puck. 7:14 of 2nd period - Shot by Nikita Kucherov. 7:14 of 2nd period - Stopped by Filip Gustavsson without a rebound. 7:15 of 2nd period - Nicolas Roy wins face-off versus David Krejci in VANCOUVER VOODOO zone. 7:15 of 2nd period - Nicolas Roy is hit by Matthew Boldy. 7:29 of 2nd period - Shot by Conor Garland. 7:29 of 2nd period - Shot Misses the Net. 7:31 of 2nd period - Shot by Nicolas Roy. 7:31 of 2nd period - Shot Misses the Net. 7:33 of 2nd period - Shot by Josh Anderson. 7:33 of 2nd period - Shot Blocked by Ben Chiarot. 7:35 of 2nd period - Shot by Nicolas Roy. 7:35 of 2nd period - Stopped by Carter Hart without a rebound. 7:36 of 2nd period - Christian Dvorak wins face-off versus Claude Giroux in LOS ANGELES SEALS zone. 7:47 of 2nd period - Shot by Jonathan Audy-Marchessault. 7:47 of 2nd period - Shot Misses the Net. 7:50 of 2nd period - Icing by Logan Stanley. 7:51 of 2nd period - David Krejci wins face-off versus Christian Dvorak in VANCOUVER VOODOO zone. 7:54 of 2nd period - Shot by Matthew Boldy. 7:54 of 2nd period - Stopped by Filip Gustavsson with a rebound. 9:01 of 2nd period - Gustav Forsling is hit by Josh Anderson. 9:53 of 2nd period - Off-side. 9:54 of 2nd period - Mikael Backlund wins face-off versus Radek Faksa in neutral zone. 10:05 of 2nd period - Shot by Owen Tippett. 10:05 of 2nd period - Shot Misses the Net. 10:19 of 2nd period - Shot by Mikael Backlund. 10:19 of 2nd period - Shot Misses the Net. 10:21 of 2nd period - Shot by